 Dungeon Crawl Stone Soup version 0.25.1-2-g60ff931df9 (webtiles) character file.

Game seed: 15578964329273734875

982 Revguard the Slasher (level 7, -4/79 HPs)
             Began as a Demonspawn Gladiator on July 30, 2020.
             Killed from afar by Dowan (15 damage)
             ... with a stone arrow
             ... on level 5 of the Dungeon.
             The game lasted 00:14:11 (4343 turns).

Revguard the Slasher (Demonspawn Gladiator)         Turns: 4343, Time: 00:14:12

Health: -4/79      AC:  8    Str: 14    XL:     7   Next: 96%
Magic:  0/9        EV: 12    Int: 10    God:
Gold:   193        SH:  0    Dex: 16    Spells: 6/6 levels left

rFire    . . .     SeeInvis +   a - +1 long sword
rCold    . . .     Gourm    .   (no shield)
rNeg     . . .     Faith    .   g - +1 ring mail
rPois    +         Spirit   +   r - +2 hat
rElec    .         Reflect  .   (no cloak)
rCorr    .         Harm     .   (no gloves)
MR       .....                  (no boots)
Stlth    ..........             b - amulet of guardian spirit
HPRegen  1.23/turn              j - ring of see invisible
MPRegen  0.11/turn              m - ring of poison resistance

@: berserking (expiring), very quick
A: powered by death 2, powered by pain 1
a: no special abilities


You were on level 5 of the Dungeon.
You were not hungry.

You visited 1 branch of the dungeon, and saw 5 of its levels.

You collected 193 gold pieces.

Inventory:

Hand Weapons
 a - a +1 long sword (weapon)
Missiles
 d - 4 throwing nets
 u - 14 boomerangs (quivered)
 x - 9 poisoned darts
Armour
 g - a +1 ring mail (worn)
 r - a +2 hat (worn)
Jewellery
 b - an amulet of guardian spirit (around neck)
 j - a ring of see invisible (left hand)
 k - an uncursed ring of wizardry
 m - a ring of poison resistance (right hand)
Wands
 w - a wand of digging (7)
Scrolls
 i - 2 scrolls of blinking
 n - a scroll of amnesia {unknown}
 p - a scroll of immolation
 t - a scroll of fear
 y - 3 scrolls of identify
Potions
 c - 3 potions of brilliance
 h - 3 potions of curing
 l - a potion of haste
 q - a potion of stabbing
 s - a potion of cancellation
 v - 2 potions of resistance
Comestibles
 f - 7 rations


   Skills:
 + Level 3.9 Fighting
 + Level 6.2 Long Blades
 + Level 1.9 Throwing
 + Level 3.3 Armour
 + Level 3.6 Dodging
 + Level 0.1 Stealth
 * Level 2.7 Evocations


You had 6 spell levels left.
You didn't know any spells.
Your spell library was empty.

Dungeon Overview and Level Annotations

Branches:
Dungeon (5/15)
 Temple: D:4-7

Altars:
Ashenzari
Gozag
Makhleb
Nemelex Xobeh
Ru
Sif Muna
Uskayaw
Yredelemnul
The Shining One

Annotations:
D:5 Dowan


Innate Abilities, Weirdness & Mutations

You regenerate health from kills.
You sometimes gain a little power by taking damage.


Message History

Duvessa is severely wounded.
Duvessa barely misses you.
You hit Duvessa but do no damage.
Duvessa is severely wounded.
Duvessa hits you but does no damage.
A hound comes into view.
You slash Duvessa!
You kill Duvessa!
Dowan screams, "No!
No!"
Dowan seems to find hidden reserves of power!
Dowan points at you and mumbles some strange words.
The stone arrow misses you.
You slash Dowan!
Dowan is moderately wounded.
Dowan barely misses you.
You barely miss Dowan.
Dowan is moderately wounded.
Dowan points at you and mumbles some strange words.
The stone arrow hits you!
You die...

......
##.#e..##
.....e...
........
#Y....#
#.....#
########5..#
#...@eh.<..#
#.#####...#..#
#......#
.......#
......[.#
...#.#..##
.....?....#
.......##..#


You could see Dowan (fast), a hound and a crimson imp.

Vanquished Creatures
  Sigmund (D:3)
  Duvessa (D:5)
  An ice beast (D:5)
  An ogre (D:4)
  2 phantoms (D:4)
  Ijyb (D:3)
  3 worker ants
  8 gnolls
  8 adders
  An ooze (D:1)
  4 worms
  3 dart slugs (D:2)
  3 leopard geckos
  10 orcs (D:3)
  6 bats
  A giant cockroach (D:3)
  8 goblins
  8 hobgoblins
  12 jackals
  A ball python (D:2)
  3 frilled lizards
  11 kobolds
  10 rats
107 creatures vanquished.

Notes
Turn   | Place    | Note
-------+----------+-------------------------------------------
     0 | D:1      | Revguard the Demonspawn Gladiator began the quest for the
                  | Orb.
     0 | D:1      | Reached XP level 1. HP: 16/16 MP: 1/1
   139 | D:1      | Reached skill level 3 in Long Blades
   139 | D:1      | Gained mutation: You regenerate a little health from kills.
                  | [demonic ancestry]
   139 | D:1      | Reached XP level 2. HP: 18/22 MP: 2/2
  1132 | D:2      | Gained mutation: You regenerate health from kills. [demonic
                  | ancestry]
  1132 | D:2      | Reached XP level 3. HP: 22/28 MP: 3/3
  1248 | D:2      | Reached skill level 1 in Armour
  1285 | D:2      | HP: 1/28 [gnoll/+0 flail of protection (10)]
  1424 | D:2      | Gained mutation: You sometimes gain a little power by
                  | taking damage. [demonic ancestry]
  1424 | D:2      | Reached XP level 4. HP: 18/34 MP: 4/4
  1533 | D:2      | Found a hide-covered altar of Uskayaw.
  2098 | D:3      | Noticed Ijyb
  2125 | D:3      | Reached XP level 5. HP: 40/40 MP: 5/5
  2164 | D:3      | Killed Ijyb
  2164 | D:3      | Reached skill level 4 in Long Blades
  2427 | D:3      | Found a basalt altar of Yredelemnul.
  2432 | D:3      | Noticed a profane servitor
  2441 | D:3      | Found a glowing golden altar of the Shining One.
  2444 | D:3      | Noticed an angel
  2720 | D:3      | Noticed Sigmund
  2738 | D:3      | Killed Sigmund
  2738 | D:3      | Reached skill level 5 in Long Blades
  2738 | D:3      | Reached XP level 6. HP: 24/47 MP: 6/6
  3293 | D:4      | Got a crude leather armour
  3294 | D:4      | Identified the +1 leather armour "Icykewku" {Stlth+} (You
                  | found it on level 4 of the Dungeon)
  3334 | D:4      | Reached XP level 7. HP: 40/52 MP: 7/7
  3386 | D:4      | Reached skill level 1 in Evocations
  3610 | D:4      | Found an opulent altar of Gozag.
  3612 | D:4      | Found a sacrificial altar of Ru.
  3613 | D:4      | Found a sparkling altar of Nemelex Xobeh.
  3628 | D:4      | Reached skill level 6 in Long Blades
  3659 | D:4      | Found a shimmering blue altar of Sif Muna.
  3826 | D:4      | Found a shattered altar of Ashenzari.
  4119 | D:4      | Found a burning altar of Makhleb.
  4119 | D:4      | Noticed a balrug
  4122 | D:4      | Noticed a smoke demon
  4122 | D:4      | Noticed a ynoxinul
  4312 | D:5      | Entered Level 5 of the Dungeon
  4312 | D:5      | Noticed Duvessa
  4312 | D:5      | Noticed Dowan
  4341 | D:5      | Killed Duvessa
  4343 | D:5      | Killed from afar by Dowan

Illustrated notes

Levels and vault maps discovered:
D:1:      minmay_arrival_diagonal_passages, layout_basic, minivault_5,
          minmay_tiny_reverse_x
D:2:      layout_rooms, eat_drink_and_be_merry_uskayaw
D:3:      layout_basic, grunt_temple_overflow_holy_war, uniq_sigmund, uniq_ijyb
D:4:      layout_basic, cheibrodos_ashenzari_chains,
          nicolae_overflow_quartered_altars, minivault_1,
          makhleb_altar_promises_db
D:5:      layout_basic, lemuel_coloured_pillars_altar, first_ration,
          fedhas_altar_4, uniq_duvessa

Skill      XL: |  1  2  3  4  5  6  7 |
---------------+----------------------+-----
Long Blades    | 3 5 6 |  6.2
Armour         | 1 2 3 |  3.3
Dodging        | 3 |  3.6
Fighting       | 3 |  3.9
Evocations     | 2 |  2.7
Throwing       | |  1.9
Stealth        | |  0.1

Action                   |  1- 3 |  4- 6 |  7- 9 || total
-------------------------+-------+-------+-------++-------
Melee: Long sword        |    98 |   224 |    96 ||   418
Throw: Boomerang         |     4 |     5 |       ||     9
       Throwing net      |       |     3 |       ||     3
  Use: Potion            |     1 |     6 |     1 ||     8
       Scroll            |       |    11 |       ||    11
  Eat: Chunk             |     2 |     6 |     4 ||    12
Armor: Leather armour    |    24 |       |       ||    24
       Ring mail         |    24 |    88 |    33 ||   145
Dodge: Dodged            |    77 |   152 |    71 ||   300
       Rpst.: Long sword |    28 |    41 |    25 ||    94
